 Dungeon Crawl Stone Soup version 0.30-a0-778-g2ef04afb54 (webtiles) character file.

Game seed: 15469609384010799524

132 M4edhros the Charlatan (level 5, -2/33 HPs)
             Began as an Octopode Artificer on Feb 15, 2023.
             Slain by an iguana (12 damage)
             ... on level 4 of the Dungeon.
             The game lasted 00:03:29 (1019 turns).

M4edhros the Charlatan (Octopode Artificer)         Turns: 1019, Time: 00:03:29

Health: -2/33      AC:  1    Str: 16    XL:     5   Next: 15%
Magic:  5/5        EV: 13    Int: 18    God:
Gold:   23         SH:  0    Dex: 13    Spells: 4/4 levels left

rFire   + . .      SeeInvis .    (no weapon)
rCold   . . .      Faith    .    (no shield)
rNeg    . . .      Spirit   .    (helmet restricted)
rPois   .          Reflect  .    (no amulet)
rElec   .          Harm     .    h - +6 ring of strength
rCorr   .          Rampage  .    (no ring)
Will    .....                    (no ring)
Stlth   +++                      (no ring)
HPRegen 0.25/turn                (no ring)
MPRegen 0.09/turn                (no ring)
                                 (no ring)
                                 (no ring)

@: mighty
A: almost no armour, amphibious, 8 rings, camouflage 1, gelatinous body 1,
(nimble swimmer 1), tentacles, clever 1, fire resistance 1
a: no special abilities


You were on level 4 of the Dungeon.
You visited 1 branch of the dungeon, and saw 4 of its levels.

You collected 23 gold pieces.

Inventory:

Jewellery
 h - a +6 ring of strength (left tentacle)
Wands
 b - a wand of flame (12) (quivered)
 c - a wand of charming (11)
 d - a wand of iceblast (5)
Scrolls
 e - a scroll of enchant weapon {unknown}
 i - a scroll of poison {unknown}
 k - 2 scrolls of identify {unknown}
 n - a scroll of immolation {unknown}
Potions
 g - a potion of attraction {unknown}
 l - 2 potions of curing {unknown}
 m - 2 potions of heal wounds {unknown}


   Skills:
 - Level 1.0 Fighting
 - Level 2.3 Dodging
 - Level 1.3 Stealth
 + Level 6.2 Evocations


You had 4 spell levels left.
You didn't know any spells.
Your spell library contained the following spells:

 Spells                   Type           Power      Damage    Failure   Level
 Magic Dart               Conj           0%         1d3       22%         1
 Call Imp                 Summ           0%         N/A       32%         2
 Ignite Poison            Fire/Tmut/Pois 0%         N/A       54%         3
 Kindle Blastsparks       Fire/Tloc/Air  0%         2d10      54%         3
 Mephitic Cloud           Conj/Pois/Air  0%         N/A       54%         3
 Freezing Cloud           Conj/Ice/Air   0%         6-21      99%         5


Dungeon Overview and Level Annotations

Branches:
Dungeon (4/15)
 Temple: D:4-7

Altars:


Innate Abilities, Weirdness & Mutations

You cannot wear most types of armour.
You are amphibious.
You can wear up to eight rings at the same time.
Your skin changes colour to match your surroundings (Stealth+).
Your rubbery body absorbs attacks. (AC +1, EV +1)
((You are camouflaged when in or above water. (Stealth+)))
You have tentacles for arms and can constrict up to eight enemies at once.
Your mind is acute. (Int +4, Str/Dex -1)
Your flesh is heat resistant. (rF+)


Message History

You tentacle-slap the iguana.
The iguana is almost dead.
You constrict the iguana. The iguana barely misses you.
You tentacle-slap the iguana.
You kill the iguana!
A worm comes into view.
Your Evocations skill increases to level 6!
You have reached level 5!
You feel clever.
Things that are here:
an iguana corpse; a jackal corpse You start resting.
A worm is nearby!
It was a potion of flight.
You feel very buoyant.
You fly up into the air.
It was a potion of cancellation.
Your magical effects are unravelling.
You feel magically purged.
You float gracefully downwards.
It was a potion of might.
You feel very mighty all of a sudden.
You tentacle-slap the worm. You grab the worm.
The worm is moderately wounded.
You constrict the worm. You bludgeon the worm!
The worm is almost dead.
You constrict the worm.
You kill the worm!
You see here a worm corpse.
Things that are here:
an iguana corpse; a jackal corpse
There is a stone staircase leading up here.
An iguana comes into view.
Found a glowing emerald potion.
The iguana hisses angrily.
The iguana bites you.
* * * LOW HITPOINT WARNING * * *
You closely miss the iguana. You grab the iguana. You constrict the iguana.
The iguana bites you!
You die...

###### ..
#....#######.#
#....#.......#
#....#........
#[...#.†.####
#....†.<....#
#....###.##.#
. #....#
#.##.####....
#.†..#
#....@l......
#....#
###...###!...
###### ###..#
. ##.# .# ..
... ....


You could see an iguana.

Vanquished Creatures
  A jelly (D:3)
  An iguana (D:4)
  A gnoll (D:2)
  2 adders
  2 worms
  6 endoplasms (D:3)
  A giant cockroach (D:3)
  3 hobgoblins
  9 jackals
  2 quokkas
  A ball python (D:2)
  A bat (D:3)
  3 frilled lizards
  A goblin (D:3)
  6 kobolds (D:3)
  A rat (D:1)
  A toadstool (D:3)
42 creatures vanquished.

Vanquished Creatures (collateral kills)
  A gnoll (D:2)
  An adder (D:2)
  2 endoplasms (D:3)
4 creatures vanquished.

Vanquished Creatures (others)
  A jelly (D:3)
  A gnoll (D:2)
  6 fungi (D:3)
  6 toadstools (D:3)
14 creatures vanquished.

Grand Total: 60 creatures vanquished

Notes
Turn   | Place    | Note
-------+----------+-------------------------------------------
     0 | D:1      | M4edhros the Octopode Artificer began the quest for the
                  | Orb.
     0 | D:1      | Reached XP level 1. HP: 13/13 MP: 1/1
    83 | D:2      | Reached skill level 4 in Evocations
    83 | D:2      | Reached XP level 2. HP: 18/18 MP: 2/2
   292 | D:2      | Reached XP level 3. HP: 9/23 MP: 3/3
   360 | D:2      | Reached skill level 5 in Evocations
   518 | D:3      | Reached XP level 4. HP: 21/28 MP: 4/4
   593 | D:3      | Gained mutation: Your flesh is heat resistant. (rF+)
                  | [potion of mutation]
   593 | D:3      | Gained mutation: Your mind is acute. (Int +4, Str/Dex -1)
                  | [potion of mutation]
   989 | D:4      | Reached skill level 6 in Evocations
   989 | D:4      | Reached XP level 5. HP: 7/33 MP: 5/5
  1019 | D:4      | Slain by an iguana

Illustrated notes

Levels and vault maps discovered:
D:1:      dpeg_arrival_connections, layout_loops_ring,
          nicolae_ecumenical_snake_handling, nrook_uturn
D:2:      layout_rooms, hangedman_decor_points, kennysheep_jessica_study
D:3:      cheibrodos_fertilizer, layout_rooms, dk_noncrumbling_3,
          minmay_misc_feat_plants, st_stairs_12
D:4:      layout_rooms, trog_three_pillars_becter,
          minmay_temple_entry_proselytizer, uniq_robin

Skill      XL: |  1  2  3  4 |
---------------+-------------+-----
Evocations     | 4 5 6 |  6.2
Fighting       | |  1.0
Dodging        | |  2.3
Stealth        | |  1.3

Action                     |  1- 3 |  4- 6 || total
---------------------------+-------+-------++-------
  Melee: Unarmed           |    52 |    60 ||   112
         Constrict         |    19 |    19 ||    38
         Tentacles         |    14 |    12 ||    26
         Punch             |     1 |       ||     1
  Evoke: Wand              |     3 |     4 ||     7
    Use: Potion            |       |     4 ||     4
   Stab: Sleeping          |     5 |     1 ||     6
 Armour: Skin              |     2 |     2 ||     4
  Dodge: Dodged            |    35 |    30 ||    65

Table legend: (Time is in decaauts)
 A = Elapsed time spent in this place.
 B = Non-inter-level travel time spent in this place.
 C = Inter-level travel time spent in this place.
 D = Time resting spent in this place.
 E = Time spent auto-exploring this place.
 F = Levels seen in this place.
 G = Mean time per level.
                   A        B        C        D        E       F      G
               +--------+--------+--------+--------+--------+-----+--------+
         Total |   1018 |    993 |     25 |    228 |    249 |   4 |  254.5 |
       Dungeon |   1018 |    993 |     25 |    228 |    249 |   4 |  254.5 |
               +--------+--------+--------+--------+--------+-----+--------+

Top non-repeatable levels by time:
     D:3: 602 daAuts
     D:2: 229 daAuts
     D:1: 141 daAuts
     D:4: 44 daAuts
